Map: Proxima Station LE

Players

Musumeci

  • Race: Zerg Zerg
  • League: Diamond
  • Spawn Location: 7:00

Albert - Winner!

  • Race: Terran Terran
  • League: Master
  • Spawn Location: 1:00

VOD

Have the link to the VOD?

Description

Time

  • Played on: April 3, 2017, 4:59 a.m.
  • Length: 15:27
Show
View Real Time Build Order
Export as new Build Order

Musumeci Zerg 

Build Orders: Hatch First 

Get SALT Encoding   

  12  0:03  Drone  
  13  0:10  Drone  
  14  0:16  Drone, Extractor  
  15  0:40  Hatchery  
  14  0:45  Extractor  
  14  0:46  Drone  
  15  1:03  Spawning Pool  
  14  1:07  Extractor  
  14  1:09  Drone  
  14  1:13  Extractor  
  14  1:14  Drone  
  16  1:19  Overlord  
  16  1:37  Drone x2  
  18  1:42  Drone  
  19  1:49  Queen  
  19  1:53  Queen  
  23  1:57  Drone  
  23  2:00  Drone  
  25  2:06  Overlord  
  25  2:09  Drone  
  25  2:14  Drone  
  25  2:15  Extractor  
  26  2:16  Drone  
  27  2:26  Queen  
  29  2:34  Extractor  
  29  2:35  Queen  
  31  2:40  Drone x3  
  31  2:43  Drone  
  35  2:46  Drone  
  35  2:49  Overlord  
  36  2:52  Extractor  
  37  3:08  Drone x6  
  42  3:20  Drone  
  42  3:21  Drone  
  42  3:24  Drone, Extractor x2  
  42  3:25  Drone, Roach Warren  
  43  3:29  Drone  
  44  3:47  Hatchery  
  43  4:04  Drone  
  44  4:17  Evolution Chamber  
  44  4:20  Evolution Chamber  
  44  4:23  Roach  
  44  4:28  Overlord x4  
  44  4:29  Overlord x3  
  44  4:34  Overlord  
  44  4:35  Overlord  
  44  4:38  Extractor  
  44  4:41  Drone  
  44  4:46  Roach  
  44  4:47  Roach x2  
  39  5:10  Drone  
  39  5:11  Drone x8  
  39  5:17  Drone x2  
  39  5:21  Drone x2  
  40  5:24  Drone x2  
  40  5:27  Drone  
  43  5:29  Drone  
  44  5:38  Drone x3  
  44  5:42  Drone  
  47  5:54  Drone x2  
  47  5:55  Drone  
  48  6:02  Ravager x3  
  51  6:10  Drone  
  51  6:11  Drone x6  
  58  6:14  Roach  
  58  6:16  Lair  
  60  6:21  Drone x2  
  60  6:22  Drone  
  63  6:42  Ravager  
  63  6:43  Roach x8  
  80  6:49  Zerg Missile Weapons Level 1  
  80  6:55  Spore Crawler  
  80  6:56  Spore Crawler  
  80  7:00  Spore Crawler  
  77  7:03  Overlord  
  77  7:05  Spore Crawler  
  77  7:06  Ravager  
  77  7:07  Ravager x2  
  79  7:18  Glial Reconstitution  
  79  7:31  Roach, Spore Crawler x2  
  79  7:35  Drone, Spore Crawler  
  79  7:36  Drone x9, Spore Crawler  
  87  7:39  Overlord  
  86  8:03  Drone  
  86  8:04  Drone x13  
  100  8:11  Drone x5  
  105  8:19  Drone  
  106  8:20  Drone  
  106  8:21  Drone x2  
  106  8:22  Extractor  
  106  8:26  Extractor  
  107  8:28  Extractor  
  106  8:39  Roach x9  
  124  8:41  Overlord  
  124  8:43  Overlord  
  124  8:54  Ravager  
  124  8:55  Ravager  
  126  8:58  Zerg Missile Weapons Level 2  
  126  8:59  Zerg Ground Armor Level 1  
  126  9:44  Drone  
  127  9:48  Drone x3  
  127  9:52  Roach  
  134  9:53  Roach x7, Overlord  
  134  9:54  Overlord x7  
  134  9:56  Hatchery  
  134  9:58  Extractor  
  134  9:59  Extractor  
  143  10:10  Overlord  
  143  10:11  Overlord  
  143  10:19  Ravager x7  
  143  10:20  Ravager x7  
  157  10:22  Overseer  
  157  10:34  Drone  
  157  10:35  Drone x6  
  164  10:43  Roach  
  164  10:44  Roach x10  
  186  10:51  Infestation Pit  
  185  11:24  Roach x4  
  185  11:25  Roach x10  
  200  11:34  Extractor  
  200  11:36  Drone  
  149  12:11  Roach x18  
  144  12:18  Ravager x3  
  147  12:27  Roach x10  
  161  12:39  Ravager x3  
  161  12:54  Ravager x2  
  153  13:02  Ravager x3  
  153  13:03  Ravager x8  
  146  13:16  Hive  
  146  13:26  Roach x10  
  146  13:27  Roach x13  
  192  13:56  Spine Crawler  
  192  13:57  Spine Crawler x2, Drone x8, Spore Crawler  
  192  13:58  Spore Crawler  
  129  14:27  Roach x14  
  129  14:28  Roach x6  
  121  14:34  Roach x2  
  125  14:40  Roach x3  
  125  14:41  Roach x2  
  125  14:43  Roach  
  137  14:51  Ravager x7  
  137  14:52  Ravager  
  145  14:56  Ravager x7  
  145  14:58  Roach x8  
  151  15:08  Roach x3  
  145  15:20  Ravager x3  
Show
View Real Time Build Order
Export as new Build Order

Albert Terran - Winner!

Build Orders: Liberator Opening, Reaper Expand, MMM Bio 

Get SALT Encoding   

  12  0:01  SCV  
  13  0:13  SCV  
  14  0:18  Supply Depot  
  14  0:25  SCV  
  15  0:31  Refinery  
  15  0:40  SCV  
  16  0:45  Barracks  
  16  0:52  SCV  
  18  1:04  SCV  
  18  1:16  SCV  
  19  1:32  Orbital Command  
  19  1:33  Reaper  
  20  1:45  Command Center  
  20  1:59  Factory, SCV  
  21  2:08  Barracks Reactor  
  21  2:10  Supply Depot  
  21  2:16  SCV  
  21  2:20  Refinery  
  22  2:28  SCV  
  23  2:41  SCV  
  24  2:49  Starport  
  24  2:53  SCV  
  24  2:56  Hellion x2, Barracks Tech Lab  
  24  2:58  Barracks Reactor  
  29  3:01  Orbital Command  
  29  3:05  SCV  
  30  3:17  Hellion x2  
  30  3:18  SCV  
  35  3:23  Liberator  
  36  3:27  SCV  
  36  3:30  SCV  
  37  3:39  SCV  
  41  3:41  Medivac  
  41  3:42  SCV  
  44  3:50  Supply Depot  
  44  3:51  SCV  
  44  3:54  SCV  
  45  4:02  Barracks Tech Lab  
  45  4:03  SCV  
  45  4:07  Barracks  
  46  4:10  Barracks, Supply Depot  
  46  4:12  SCV  
  46  4:15  SCV  
  46  4:16  Liberator  
  48  4:21  Factory Tech Lab  
  48  4:22  Concussive Shells  
  48  4:23  Marauder  
  48  4:24  SCV  
  51  4:28  SCV  
  52  4:36  SCV  
  56  4:40  SCV  
  56  4:44  Marine  
  56  4:45  Supply Depot  
  58  4:47  Engineering Bay  
  58  4:48  SCV  
  58  4:52  SCV  
  60  5:00  SCV  
  60  5:04  SCV  
  62  5:12  SCV  
  62  5:14  Barracks Reactor  
  61  5:15  Stimpack  
  61  5:16  Marine  
  61  5:17  Marauder, Marine  
  61  5:18  SCV  
  63  5:25  SCV  
  64  5:30  SCV, Siege Tank  
  64  5:33  Command Center  
  64  5:34  Barracks  
  64  5:35  Barracks, Marine  
  68  5:36  Refinery  
  68  5:37  SCV, Refinery  
  70  5:43  Supply Depot  
  70  6:01  Terran Infantry Weapons Level 1  
  70  6:04  Marine x5  
  70  6:05  SCV x2  
  77  6:17  SCV  
  78  6:27  Barracks Reactor, Barracks Tech Lab  
  78  6:33  Missile Turret  
  78  6:34  Marauder, SCV, Marine x3, Medivac  
  78  6:35  Missile Turret  
  78  6:39  Supply Depot  
  86  6:44  SCV, Marine, Siege Tank  
  86  6:46  SCV  
  92  6:51  Marine  
  92  6:52  Combat Shields  
  93  6:56  Marauder, SCV  
  93  6:58  SCV, Engineering Bay  
  97  7:01  Marine x2  
  97  7:02  Barracks x2  
  97  7:04  Missile Turret  
  99  7:08  SCV  
  99  7:09  Marauder  
  99  7:10  SCV  
  99  7:13  Marine x2  
  105  7:16  Siege Tank  
  105  7:20  Marine  
  109  7:23  Orbital Command  
  109  7:34  Terran Infantry Armor Level 1, Supply Depot  
  109  7:40  Supply Depot  
  109  7:45  Supply Depot  
  109  7:55  SCV, Marine x2  
  109  7:56  Marauder x2, SCV  
  117  8:02  Marine, Barracks Tech Lab x2  
  117  8:03  Marine x3  
  117  8:05  SCV, Medivac x2  
  121  8:08  SCV x2  
  121  8:10  Armory  
  121  8:12  Supply Depot  
  123  8:14  Supply Depot  
  123  8:15  Refinery x2, Siege Tank  
  123  8:17  Marauder, SCV  
  129  8:20  SCV x2  
  131  8:29  Marauder  
  131  8:33  Marauder, SCV, Marine x5  
  141  8:36  Marine x2  
  141  8:38  Marine  
  141  8:40  Medivac x2  
  148  8:43  SCV  
  149  8:55  SCV, Marine, Supply Depot, Siege Tank  
  149  8:56  Supply Depot  
  149  8:57  Command Center, Supply Depot  
  152  9:04  SCV x2  
  152  9:08  Marine x3  
  157  9:17  Marauder x2, SCV, Marine x2  
  157  9:18  Marauder  
  157  9:19  Marine  
  157  9:20  Marauder  
  169  9:24  SCV  
  169  9:25  SCV  
  169  9:26  Marine  
  169  9:28  Siege Tank  
  175  9:35  SCV  
  176  9:38  Marauder  
  176  9:43  Marine, Medivac  
  176  9:44  Terran Vehicle Weapons Level 1, Terran Infantry Weapons Level 2  
  176  9:45  Terran Infantry Armor Level 2  
  181  9:49  Supply Depot  
  181  9:50  Medivac  
  183  9:57  Marine x4  
  183  9:58  Marauder  
  189  10:01  Supply Depot  
  189  10:08  Marine  
  189  10:09  Marauder, SCV, Siege Tank  
  196  10:15  Planetary Fortress  
  196  10:18  Marine x3  
  196  10:19  Missile Turret, Marine  
  200  10:38  Refinery  
  200  10:40  Refinery  
  200  10:48  Barracks  
  200  10:49  Barracks  
  200  10:50  Factory  
  200  10:51  Barracks  
  200  10:52  Starport  
  199  11:10  Marine x2  
  184  11:26  Medivac  
  184  11:27  Medivac  
  184  11:32  Marine x2  
  188  11:33  Marauder, Marine  
  188  11:34  Marauder x2, SCV, Marine  
  188  11:38  Marine  
  188  11:39  Marauder  
  199  11:55  SCV  
  199  11:56  Command Center  
  199  11:59  Command Center  
  178  12:10  Marauder, Marine  
  178  12:11  Marauder  
  178  12:14  Marine  
  165  12:16  Terran Infantry Weapons Level 3  
  165  12:17  Terran Vehicle Weapons Level 2, Terran Infantry Armor Level 3  
  165  12:21  Marine x3, Siege Tank  
  171  12:25  Marauder, Marine, Medivac  
  171  12:26  Marauder, Medivac  
  180  12:33  Barracks  
  160  12:39  SCV x3  
  160  12:41  Factory Tech Lab, Marine x2  
  160  12:42  Marauder x2  
  169  12:47  Marauder  
  169  12:53  Siege Tank  
  169  12:56  SCV  
  164  13:04  Marine x2, Siege Tank  
  168  13:06  Marauder x2  
  156  13:15  Marine  
  156  13:16  Marauder x2, Marine x3  
  156  13:17  Marine x2  
  166  13:22  Marine  
  166  13:26  Marine  
  166  13:27  Marauder x2, Siege Tank  
  165  13:33  SCV  
  170  13:34  Barracks Tech Lab  
  170  13:37  Marauder x2  
  174  13:41  Marine, Siege Tank  
  174  13:42  Marine x4  
  174  13:43  Barracks Tech Lab x2  
  184  13:48  Marauder x2  
  184  13:49  Marine  
  184  13:54  Marauder  
  189  13:59  Marauder x2, Marine x2, Siege Tank  
  189  14:00  Marine  
  199  14:03  Missile Turret  
  196  14:20  Marauder  
  196  14:24  Marauder x2, Marine  
  175  14:28  Marine x3  
  175  14:29  Marauder x2, Marine x3  
  175  14:30  Siege Tank  
  179  14:33  Planetary Fortress  
  179  14:35  Missile Turret, Refinery x2  
  179  14:41  Marine  
  179  14:42  Marine  
  179  14:45  Marine x2  
  181  14:46  Marine x3  
  181  14:47  Marine  
  181  14:51  Marine x2, Medivac x2  
  193  15:04  Marauder, Marine x2  
  193  15:05  Marauder  
Tags
 
Add a new tag
Caveats
  • Supply blocks, unpowered buildings, or Contaminate may cause inaccurate times.
  • Supply counts are checked every 10 seconds.